 Dungeon Crawl Stone Soup version 0.22-a0-303-g4a852b3 (webtiles) character file.

5394 Amnesiac the Deadly Accurate (level 10, -4/104 HPs)
             Began as an Ogre Fighter on Mar 28, 2018.
             Was an Initiate of Okawaru.
             Slain by a killer bee (6 damage)
             ... on level 9 of the Dungeon.
             The game lasted 00:15:08 (10328 turns).

Amnesiac the Deadly Accurate (Ogre Fighter)        Turns: 10328, Time: 00:15:09

Health: -4/104     AC:  6    Str: 25    XL:     10   Next: 66%
Magic:  19/19      EV:  8    Int:  9    God:    Okawaru [......]
Gold:   553        SH:  8    Dex:  8    Spells: 9/9 levels left

rFire    . . .     SeeInvis .   a - +0 trident
rCold    . . .     Gourm    .   c - +0 shield
rNeg     . . .     Faith    .   b - +0 robe
rPois    .         Spirit   .   (helmet restricted)
rElec    .         Reflect  .   x - +2 cloak
rCorr    .         Harm     .   (gloves unavailable)
MR       ++...                  (boots unavailable)
Stlth    +.........             y - amulet of regeneration
HPRegen  0.67/turn              M - ring of protection from magic
MPRegen  0.16/turn              l - ring of magical power

@: lethally poisoned (-4 -> -16)
A: large, unfitting armour, tough skin 1
a: Renounce Religion


You were on level 9 of the Dungeon.
You worshipped Okawaru.
Okawaru was noncommittal.
You were not hungry.

You visited 2 branches of the dungeon, and saw 10 of its levels.

You collected 553 gold pieces.

Inventory:

Hand Weapons
 a - a +0 trident (weapon)
Missiles
 e - 129 stones (quivered)
 i - 67 poisoned needles
 C - 7 needles of confusion
 I - 2 throwing nets
Armour
 b - a +0 robe (worn)
 c - a +0 shield (worn)
 x - a +2 cloak (worn)
Jewellery
 l - a ring of magical power (right hand)
 y - an amulet of regeneration (around neck)
 M - a ring of protection from magic (left hand)
Wands
 u - a wand of polymorph (11)
 F - a wand of digging (14)
 G - a wand of iceblast (4)
Scrolls
 g - a scroll of magic mapping {!r, unknown}
 k - 3 scrolls of teleportation {!r}
 o - a scroll of blinking {!r, unknown}
 r - 2 scrolls of fog {!r, unknown}
 s - 2 scrolls of fear {!r, unknown}
 v - a scroll of noise {!r, unknown}
 w - 2 scrolls of amnesia {!r, unknown}
 z - a scroll of vulnerability {!r}
 B - a scroll of enchant armour {!r}
 H - a scroll of remove curse {!r}
 K - a scroll of enchant weapon {!r}
Potions
 d - 3 potions of might {!q}
 h - 2 potions of heal wounds {!q}
 j - a potion of flight {!q}
 m - 4 potions of haste {!q}
 n - 3 potions of curing {!q}
 p - a potion of mutation {!q}
 q - 3 potions of brilliance {!q}
 D - a potion of berserk rage {!q}
 L - a potion of ambrosia {!q}
Comestibles
 f - 5 rations


   Skills:
 - Level 8.0 Fighting
 - Level 2.0 Polearms
 + Level 15.4 Throwing
 - Level 2.6 Dodging
 - Level 2.6 Shields


You had 9 spell levels left.
You didn't know any spells.

Dungeon Overview and Level Annotations

Branches:
Dungeon (9/15)             Temple (1/1) D:5
   Lair: D:8-11         Orc: D:9-12

Altars:
Ashenzari
Cheibriados
Dithmenos
Elyvilon
Fedhas
Gozag
Hepliaklqana
Kikubaaqudgha
Makhleb
Nemelex Xobeh
Okawaru
Qazlal
Ru
Sif Muna
Trog
Uskayaw
Vehumet
Wu Jian
Xom
Yredelemnul
Zin
The Shining One


Innate Abilities, Weirdness & Mutations

You are too large for most types of armour.
You have tough skin. (AC +1)


Message History

The stone closely misses the killer bee.
The stone barely misses the killer bee.
You feel sick. The killer bee completely misses you.
Throwing (i - inventory. (/) - cycle)
e - 137 stones (quivered)
Press: ? - help, Shift-Dir - straight line, f/p - killer bee
Aim: a killer bee (moderately wounded)
You throw a stone. The stone hits the killer bee!
The killer bee is almost dead.
You feel sick. The killer bee closely misses you.
The killer bee stings you but does no damage.
Throwing (i - inventory. (/) - cycle)
e - 136 stones (quivered)
Press: ? - help, Shift-Dir - straight line, f/p - killer bee
Aim: a killer bee (almost dead)
You throw a stone.
The stone misses the killer bee. x2; You feel sick.
You block the killer bee's attack.
Throwing (i - inventory. (/) - cycle)
e - 135 stones (quivered)
Press: ? - help, Shift-Dir - straight line, f/p - killer bee
Aim: a killer bee (almost dead)
You throw a stone.
The stone barely misses the killer bee. x2; You feel sick.
The killer bee stings you but does no damage.
The killer bee stings you.
* * * LOW HITPOINT WARNING * * *
You are more poisoned.
The killer bee poisons you!
Throwing (i - inventory. (/) - cycle)
e - 134 stones (quivered)
Press: ? - help, Shift-Dir - straight line, f/p - killer bee
Aim: a killer bee (severely wounded)
You throw a stone. The stone misses the killer bee.
The stone hits the killer bee but does no damage.
The killer bee is almost dead.
You feel sick. You block the killer bee's attack.
Throwing (i - inventory. (/) - cycle)
e - 133 stones (quivered)
Press: ? - help, Shift-Dir - straight line, f/p - killer bee
Aim: a killer bee (severely wounded)
You throw a stone.
The stone misses the killer bee. x2; You feel sick.
The killer bee closely misses you. The killer bee stings you!
* * * LOW HITPOINT WARNING * * *
Throwing (i - inventory. (/) - cycle)
e - 132 stones (quivered)
Press: ? - help, Shift-Dir - straight line, f/p - killer bee
Aim: a killer bee (severely wounded)
You throw a stone. The stone barely misses the killer bee.
The stone misses the killer bee.
You feel sick. The killer bee stings you.
* * * LOW HITPOINT WARNING * * *
You are more poisoned.
The killer bee poisons you! The killer bee barely misses you.
Throwing (i - inventory. (/) - cycle)
e - 131 stones (quivered)
Press: ? - help, Shift-Dir - straight line, f/p - killer bee
Aim: a killer bee (severely wounded)
You throw a stone. The stone misses the killer bee.
The stone hits the killer bee.
You kill the killer bee!
Okawaru accepts your kill.
You feel sick. The killer bee stings you.
* * * LOW HITPOINT WARNING * * *
Throwing (i - inventory. (/) - cycle)
e - 130 stones (quivered)
Press: ? - help, Shift-Dir - straight line, f/p - killer bee
Aim: a killer bee (severely wounded)
You throw a stone.
The stone closely misses the killer bee.
* * * LOW HITPOINT WARNING * * *
You feel sick. The killer bee stings you!
* * * LOW HITPOINT WARNING * * *
The killer bee stings you.
You die...

......######..##..#
#.#.# #######
#..###.## #.#.#
###..# #..# #.#.#
.##### ##.###.#.#
##((. #..##.#.# #
#()# ##.##.#.# #.#(##
#..#.#.#
#(...##########.#.#.#
#(..(...((y@......#.#
#........#######.##.#
#.######## #..#.# #.
####'#'### ..
#........# ###
#........# #........#
#........# #........#


You could see a killer bee.

Vanquished Creatures
  Pikel (D:5)
  A queen bee (D:9)
  A hippogriff (D:7)
  Sigmund (D:3)
  A hungry ghost (D:7)
  Menkaure (D:5)
  Duvessa (D:5)
  A phantom (D:5)
  4 slaves (D:5)
  6 ogres
  An ice beast (D:9)
  2 sky beasts
  A centaur (D:9)
  A big kobold (D:7)
  4 bullfrogs
  Dowan (D:5)
  A scorpion (D:6)
  12 killer bees (D:9)
  3 wights (D:6)
  3 howler monkeys (D:9)
  6 crimson imps
  3 centaur zombies
  A bullfrog zombie (D:8)
  2 orc priests (D:3)
  Crazy Yiuf (D:2)
  An orc wizard (D:4)
  A bullfrog skeleton (D:9)
  3 centaur skeletons
  Ijyb (D:2)
  4 iguanas
  Natasha (thrice) (D:3)
  2 worker ants (D:4)
  A killer bee zombie (D:7)
  A hound zombie (D:8)
  2 worker ant zombies
  6 adders
  4 gnolls (D:5)
  2 oozes
  An adder skeleton (D:7)
  2 worms
  3 dart slugs
  3 leopard geckos
  11 orcs
  9 giant cockroaches
  5 goblins
  9 hobgoblins
  8 jackals
  2 quokkas
  8 bats
  6 frilled lizards
  12 kobolds
  A quokka skeleton (D:6)
  A quokka zombie (D:6)
  4 rats
176 creatures vanquished.

Notes
Turn   | Place    | Note
-------+----------+-------------------------------------------
     0 | D:1      | Amnesiac the Ogre Fighter began the quest for the Orb.
     0 | D:1      | Reached XP level 1. HP: 24/24 MP: 1/1
    42 | D:1      | Reached skill level 1 in Throwing
    71 | D:1      | Reached XP level 2. HP: 10/32 MP: 2/2
   297 | D:1      | Reached skill level 2 in Throwing
   587 | D:1      | Reached XP level 3. HP: 39/39 MP: 3/3
   830 | D:2      | Reached skill level 3 in Throwing
  1092 | D:2      | Found a sacrificial altar of Ru.
  1241 | D:2      | Reached XP level 4. HP: 46/48 MP: 4/4
  1657 | D:2      | Found a runed door.
  1889 | D:3      | Noticed Ijyb
  1964 | D:2      | Killed Ijyb
  1964 | D:2      | Reached skill level 4 in Throwing
  2107 | D:2      | Noticed Crazy Yiuf
  2165 | D:2      | HP: 1/48 [Crazy Yiuf/quarterstaff of chaos (14)]
  2497 | D:3      | Noticed Natasha
  2518 | D:3      | Killed Natasha
  2518 | D:3      | Reached XP level 5. HP: 21/54 MP: 5/5
  2583 | D:3      | Noticed Natasha
  2816 | D:4      | Noticed Grinder
  2830 | D:4      | Noticed Grinder
  2830 | D:4      | Grinder changed into Grinder the crimson imp
  2864 | D:4      | Killed Grinder the crimson imp
  2864 | D:4      | Reached skill level 5 in Throwing
  3299 | D:4      | Noticed a sky beast
  3357 | D:4      | Killed a sky beast
  3357 | D:4      | Reached skill level 6 in Throwing
  3357 | D:4      | Reached XP level 6. HP: 14/62 MP: 6/6
  3534 | D:4      | HP: 3/62 [worker ant (1)]
  4582 | D:3      | Found an ornate altar of the Wu Jian Council.
  4639 | D:3      | Killed Natasha
  4639 | D:3      | Reached XP level 7. HP: 60/70 MP: 7/7
  4673 | D:3      | Noticed Natasha
  4678 | D:3      | Killed Natasha
  4678 | D:3      | Reached skill level 7 in Throwing
  4744 | D:3      | Noticed Sigmund
  4789 | D:3      | Killed Sigmund
  5022 | D:3      | Found a snail-covered altar of Cheibriados.
  5060 | D:3      | Reached skill level 14 in Throwing
  5060 | D:3      | Reached XP level 8. HP: 78/78 MP: 8/8
  5144 | D:3      | Found a white marble altar of Elyvilon.
  5350 | D:2      | Killed Crazy Yiuf
  5586 | D:5      | Entered Level 5 of the Dungeon
  5780 | D:5      | Found a staircase to the Ecumenical Temple.
  5904 | D:5      | Noticed Pikel
  5945 | D:5      | Killed Pikel
  5945 | D:5      | Reached XP level 9. HP: 45/84 MP: 9/9
  6011 | D:5      | Noticed Dowan
  6035 | D:5      | Noticed Duvessa
  6059 | D:5      | Killed Duvessa
  6060 | D:5      | Killed Dowan
  6308 | D:5      | Noticed Menkaure
  6314 | D:5      | Killed Menkaure
  6591 | D:6      | Found a hazy altar of Hepliaklqana.
  6691 | D:6      | Reached skill level 5 in Fighting
  6718 | D:6      | Found a glowing golden altar of the Shining One.
  7538 | D:7      | Reached XP level 10. HP: 98/102 MP: 10/10
  7543 | D:7      | Found a basalt altar of Yredelemnul.
  7787 | D:7      | Noticed a two-headed ogre
  7809 | D:7      | Found a glowing golden altar of the Shining One.
  7811 | D:7      | Noticed an angel
  7826 | D:7      | Noticed a profane servitor
  8303 | D:8      | Found a sparkling altar of Nemelex Xobeh.
  8419 | D:8      | Reached skill level 15 in Throwing
  9415 | Temple   | Entered the Ecumenical Temple
  9435 | Temple   | Became a worshipper of Warmaster Okawaru
 10328 | D:9      | HP: 2/104 [killer bee (8)]
 10328 | D:9      | Slain by a killer bee

Vault maps used:
D:1:      dpeg_arrival_rhombus
D:2:      lemuel_round_altar, first_ration, uniq_crazy_yiuf_cottage
D:3:      nicolae_overflow_crystal_walls, cheibriados_altar_1,
          lemuel_crystal_altar, minmay_misc_feat_columns, grunt_ministairs_3,
          uniq_natasha, uniq_sigmund, uniq_ijyb
D:4:      uniq_grinder
D:5:      temple_fountains, uniq_menkaure, uniq_duvessa, uniq_pikel
D:6:      lemuel_round_altar, tso_altar
D:7:      minmay_opposing_rooms, grunt_temple_overflow_holy_war,
          lightli_corner_chamber
D:8:      old_standard_altar
D:9:      special_room
Temple:   eino_temple_lava

Skill      XL: |  1  2  3  4  5  6  7  8  9 10 |
---------------+-------------------------------+-----
Throwing       | 1 2 3 4 6 14 15 | 15.4
Fighting       | 7 8 |  8.0
Polearms       | |  2.0
Dodging        | |  2.6
Shields        | |  2.6

Action                   |  1- 3 |  4- 6 |  7- 9 | 10-12 || total
-------------------------+-------+-------+-------+-------++-------
Melee: Trident           |    77 |   217 |     8 |     5 ||   307
       Unarmed           |       |     6 |       |       ||     6
Throw: Stone             |    86 |    52 |   321 |   319 ||   778
       Tomahawk          |       |    33 |    69 |    15 ||   117
Evoke: Wand              |       |     1 |       |     2 ||     3
  Use: Potion            |       |     5 |     1 |     2 ||     8
       Scroll            |       |       |     4 |     8 ||    12
  Eat: Chunk             |     1 |     8 |     8 |     7 ||    24
       Ration            |       |     1 |       |     1 ||     2
Armor: Robe              |    26 |    44 |    34 |    37 ||   141
       Skin              |       |     9 |       |       ||     9
Dodge: Dodged            |    31 |    81 |    44 |    84 ||   240
Block: Shield            |    43 |    77 |    63 |    91 ||   274

Table legend:
 A = Spawn XP
 B = Non-spawn XP
 C = Spawn XP percentage of total XP
 D = Spawn monster count
 E = Non-spawn monster count
 F = Spawn count percentage of total count
 G = Total turns spent on level
                    A         B        C        D         E        F      G
               +---------+---------+-------+---------+---------+-------+---------
         Total |       0 |    6829 |   0.0 |       0 |     172 |   0.0 | 10328
               +---------+---------+-------+---------+---------+-------+---------
           D:1 |       0 |      52 |   0.0 |       0 |      30 |   0.0 |   818
           D:2 |       0 |     129 |   0.0 |       0 |      14 |   0.0 |  1595
           D:3 |       0 |     469 |   0.0 |       0 |      22 |   0.0 |  1207
           D:4 |       0 |     316 |   0.0 |       0 |      16 |   0.0 |  1966
           D:5 |       0 |    1543 |   0.0 |       0 |      19 |   0.0 |   968
           D:6 |       0 |     658 |   0.0 |       0 |      18 |   0.0 |   833
           D:7 |       0 |    1352 |   0.0 |       0 |      23 |   0.0 |  1070
           D:8 |       0 |     812 |   0.0 |       0 |       9 |   0.0 |   666
           D:9 |       0 |    1498 |   0.0 |       0 |      21 |   0.0 |  1175
               +---------+---------+-------+---------+---------+-------+---------
